 Dungeon Crawl Stone Soup version 0.26-a0-708-g17f3b190f9 (webtiles) character file.

Game seed: 12787027141239927296

19089 Ijustatesigmund the Cruncher (level 12, -5/81 HPs)
             Began as an Octopode Conjurer on Oct 29, 2020.
             Was an Elder of Okawaru.
             Shot with an arrow by a centaur (6 damage)
             ... on level 12 of the Dungeon.
             The game lasted 01:08:57 (21078 turns).

Ijustatesigmund the Cruncher (Octopode Conjurer)   Turns: 21078, Time: 01:08:59

Health: -5/81      AC: 10    Str:  7    XL:     12   Next: 65%
Magic:  24/30      EV: 17    Int: 16    God:    Okawaru [****..]
Gold:   592        SH:  5    Dex: 14    Spells: 12/23 levels left

rFire    + + .     SeeInvis +   a - +3 Elemental Staff {rElec rF++ rC++ MR++ AC+5}
rCold    + + +     Faith    .   C - +0 buckler of Insatiable Hunger {*Contam rElec Regen+ Int-5}
rNeg     . . .     Spirit   .   (helmet restricted)
rPois    .         Reflect  .   u - amulet of regeneration
rElec    +         Harm     .   r - ring of see invisible
rCorr    .         Rampage  .   s - ring of flight
MR       ++++.                  t - ring of magical power
Stlth    ++++......             A - ring of protection from magic
HPRegen  1.03/turn              B - ring of protection from magic
MPRegen  0.22/turn              g - ring of protection from cold
                                G - +4 ring of protection
                                (no ring)

@: lethally poisoned (-5 -> -6), slowed, lightly drained, very slow
A: almost no armour, stealthy swim, amphibious, 8 rings, constrict 8, camouflage
1, gelatinous body 1
a: Heroism, Renounce Religion, Evoke Flight


You were on level 12 of the Dungeon.
You worshipped Okawaru.
Okawaru was greatly pleased with you.
You visited 2 branches of the dungeon, and saw 14 of its levels.

You collected 682 gold pieces.
You spent 90 gold pieces at shops.

Inventory:

Hand Weapons
 a - the +3 Elemental Staff (weapon) {rElec rF++ rC++ MR++ AC+5}
   (You acquired it on level 6 of the Dungeon)

   It affects your AC (+5).
   It greatly protects you from fire.
   It greatly protects you from cold.
   It insulates you from electricity.
   It affects your resistance to hostile enchantments.
 m - a +3 flail of protection
Missiles
 n - 23 poisoned darts (quivered)
 w - 12 boomerangs of dispersal
Armour
 C - the +0 buckler of Insatiable Hunger (worn) {*Contam rElec Regen+ Int-5}
   (Okawaru gifted it to you on level 13 of the Dungeon)

   It affects your intelligence (-5).
   It insulates you from electricity.
   It causes magical contamination when unequipped.
   It increases your rate of regeneration.
Jewellery
 g - a ring of protection from cold (on tentacle)
 i - an uncursed amulet of magic regeneration
 r - a ring of see invisible (left tentacle)
 s - a ring of flight (right tentacle)
 t - a ring of magical power (on tentacle)
 u - an amulet of regeneration (around mantle)
 A - a ring of protection from magic (on tentacle)
 B - a ring of protection from magic (on tentacle)
 G - a +4 ring of protection (on tentacle)
Wands
 e - a wand of digging (10)
 f - a wand of flame (47)
 p - a wand of iceblast (13)
 v - a wand of acid (8)
 y - a wand of random effects (14)
Scrolls
 j - 4 scrolls of enchant armour
 k - a scroll of fog
 l - 4 scrolls of amnesia
 E - a scroll of brand weapon
 F - a scroll of enchant weapon
 H - a scroll of blinking
 I - 2 scrolls of remove curse
Potions
 b - a potion of ambrosia {unknown}
 c - 6 potions of flight
 d - 3 potions of stabbing
 h - a potion of curing
 o - a potion of cancellation
 q - 2 potions of brilliance
 x - a potion of mutation {unknown}
 z - 2 potions of lignification


   Skills:
 - Level 7.5(7.3) Fighting
 - Level 4.5(7.0) Maces & Flails
 - Level 8.5(8.9) Staves
 - Level 7.3(7.1) Dodging
 - Level 6.6(6.5) Stealth
 + Level 3.4(3.3) Shields
 - Level 6.1(5.9) Spellcasting
 + Level 7.4(7.2) Conjurations
 + Level 6.4(6.2) Hexes
 - Level 1.8(1.6) Transmutations
 - Level 3.1(2.9) Earth Magic
 - Level 6.8(6.6) Invocations
 - Level 4.0(3.8) Evocations


You had 12 spell levels left.
You knew the following spells:

 Your Spells              Type           Power        Failure   Level
a - Magic Dart            Conj           ####         1%          1
b - Searing Ray           Conj           ####..       1%          2
c - Dazzling Flash        Conj/Hex       ####..       2%          3
d - Stone Arrow           Conj/Erth      ####..       5%          3
e - Passwall              Tmut/Erth      ###.....     9%          2

Your spell library contained the following spells:

 Spells                   Type           Power        Failure   Level
 Confusing Touch          Hex            ###.....     3%          3
 Sandblast                Erth           ###...       4%          1
 Fulminant Prism          Conj/Hex       ####......   10%         4
 Summon Guardian Golem    Hex/Summ       ##......     12%         3
 Summon Small Mammal      Summ           #...         16%         1
 Call Imp                 Summ           #.......     22%         2
 Iskenderun's Mystic Bla  Conj/Tloc      ###.....     32%         4
 Call Canine Familiar     Summ           #.......     41%         3
 Gell's Gravitas          Tloc           #.........   41%         3
 Petrify                  Tmut/Erth      ###.....     50%         4
 Yara's Violent Unravell  Hex/Tmut       ###.......   63%         5
 Metabolic Englaciation   Hex/Ice        ###.......   75%         5
 Lee's Rapid Deconstruct  Erth           ###.......   77%         5
 Summon Ice Beast         Ice/Summ       #.......     83%         4
 Summon Lightning Spire   Summ/Air       #.......     83%         4


Dungeon Overview and Level Annotations

Branches:
Dungeon (13/15)            Temple (1/1) D:7            Lair (0/6) D:8
    Orc (0/2) D:11
 Vaults: D:13-14

Altars:
Ashenzari
Cheibriados
Dithmenos
Elyvilon
Fedhas
Gozag
Hepliaklqana
Kikubaaqudgha
Makhleb
Nemelex Xobeh
Okawaru
Qazlal
Ru
Sif Muna
Trog
Uskayaw
Vehumet
Wu Jian
Xom
Yredelemnul
Zin
The Shining One
Lugonu

Shops:
D:5 (   D:7 *   D:10 :

Annotations:
D:13 Urug


Innate Abilities, Weirdness & Mutations

You cannot wear most types of armour.
You are very stealthy in the water. (Stealth+)
You are amphibious.
You can wear up to eight rings at the same time.
You can use your tentacles to constrict eight enemies at once.
Your skin changes colour to match your surroundings (Stealth+).
Your rubbery body absorbs attacks. (AC +1, EV +1)


Message History

You feel as though you will be slow longer.
Sonja throws a curare-tipped dart.
The curare-tipped dart hits you.
You are more poisoned.
You have difficulty breathing.
You feel as though you will be slow longer.
The centaur shoots an arrow.
The arrow hits you!
* * * LOW HITPOINT WARNING * * *
Evoke which item? (* to show all) (? for menu, Esc to quit)
Aiming: Iceblast
Press: ? - help, Shift-Dir - straight line, f/p - Sonja
Aim: Sonja, wielding a +1 short sword of distortion and quivering a curare-tipped dart (heavily wounded)
The mass of ice explodes!
The iceblast engulfs Sonja!!
You kill Sonja!
Okawaru is honoured by your kill.
The iceblast engulfs the centaur!!
The centaur is almost dead.
You feel sick.
The centaur shoots an arrow.
The arrow hits you!
* * * LOW HITPOINT WARNING * * *
The centaur shoots an arrow.
The arrow hits you.
You die...

#.# #..# #.. #..### ##.
####..).# . #.......#
#############.#...)..
#..........<.....####
.####.########.......#
##.##.c(..### #.##(####
#.....)...@.# #.##.#
#######.......#.#.#
#.##.#
.....##.###.###.#.#
#.##.# ####.##.# #.
..#.####.##.# #.##.# ##
####.........# #=##<#
######.#### ####>##.#
#.# ........# #.#
####..################.#


You could see a centaur.

Vanquished Creatures
  An entropy weaver (D:12)
  A hydra (D:12)
  Erica (D:10)
  A queen ant (D:13)
  A two-headed ogre (D:9)
  2 death yaks
  Sonja (D:12)
  Pikel (D:9)
  A moth of wrath (D:6)
  A manticore (D:11)
  Maurice (D:9)
  Psyche (D:9)
  A gargoyle (D:11)
  A komodo dragon (D:12)
  2 trolls
  A wind drake (shapeshifter) (D:13)
  3 shadows
  Sigmund (D:2)
  18 yaks
  Eustachio (D:6)
  A wyvern (D:10)
  A basilisk (D:13)
  A soldier ant (D:12)
  2 two-headed ogre zombies (D:11)
  An acid dragon (D:13)
  5 ice beasts
  2 orc warriors
  A water moccasin (D:9)
  3 black bears
  2 sky beasts
  2 phantoms
  3 ogres
  A necrophage (D:8)
  5 centaurs
  A big kobold (D:8)
  Blork the orc (D:5)
  7 bullfrogs
  A water moccasin zombie (D:6)
  A scorpion (D:4)
  2 troll zombies (D:11)
  23 killer bees
  21 wights
  4 howler monkeys
  A quasit (D:9)
  6 bullfrog skeletons
  4 hounds
  8 jellies
  A centaur skeleton (D:4)
  5 orc priests
  15 orc wizards
  2 iguanas
  9 worker ants
  4 ogre zombies (D:11)
  2 hound skeletons
  A worker ant zombie (D:7)
  Robin (D:2)
  2 howler monkey skeletons
  3 gnolls (D:2)
  13 adders
  A shadow imp (D:9)
  2 white imps
  2 ufetubi
  An ooze (D:3)
  An adder zombie (D:9)
  An adder skeleton (D:6)
  3 worms
  A dart slug (D:1)
  9 leopard geckos
  59 orcs
  3 ball pythons
  2 giant cockroaches
  18 goblins
  5 hobgoblins
  21 jackals
  3 quokkas
  7 bats
  7 frilled lizards
  3 goblin skeletons (D:11)
  A goblin zombie (D:11)
  2 hobgoblin skeletons (D:11)
  4 hobgoblin zombies (D:11)
  11 kobolds
  A leopard gecko skeleton (D:7)
  2 orc skeletons (D:11)
  13 orc zombies (D:11)
  A quokka skeleton (D:5)
  16 rats
409 creatures vanquished.

Notes
Turn   | Place    | Note
-------+----------+-------------------------------------------
     0 | D:1      | Ijustatesigmund the Octopode Conjurer began the quest for
                  | the Orb.
     0 | D:1      | Reached XP level 1. HP: 11/11 MP: 3/3
   372 | D:1      | Reached skill level 1 in Fighting
   372 | D:1      | Reached XP level 2. HP: 18/18 MP: 1/5
   461 | D:1      | Learned a level 2 spell: Searing Ray
  1054 | D:1      | Reached XP level 3. HP: 23/23 MP: 4/6
  1875 | D:2      | Found an ornate altar of the Wu Jian Council.
  1888 | D:2      | Reached XP level 4. HP: 30/30 MP: 1/7
  2005 | D:2      | Noticed Sigmund
  2163 | D:2      | Noticed Robin
  2348 | D:3      | Found a sacrificial altar of Ru.
  2475 | D:2      | Reached XP level 5. HP: 19/36 MP: 1/8
  2744 | D:3      | You fall into a shaft and drop 2 floors!
  2744 | D:5      | Entered Level 5 of the Dungeon
  2756 | D:5      | Found Zupomi's Weapon Shop.
  2828 | D:5      | Noticed a phantom
  3113 | D:4      | Reached XP level 6. HP: 37/42 MP: 3/10
  3800 | D:3      | Found a shimmering altar of Xom.
  4201 | D:3      | You fall into a shaft and drop 2 floors!
  4248 | D:4      | Found a broken altar of Ashenzari.
  4313 | D:4      | Reached skill level 5 in Conjurations
  5160 | D:4      | Found Zin's Purification Station.
  5163 | D:4      | Found a glowing silver altar of Zin.
  5168 | D:4      | Bought a potion of curing for 90 gold pieces
  5211 | D:4      | Reached skill level 1 in Maces & Flails
  5211 | D:4      | Reached XP level 7. HP: 46/46 MP: 7/12
  5301 | D:4      | Found a stormy altar of Qazlal.
  5706 | D:2      | Killed Sigmund
  5831 | D:2      | Killed Robin
  6572 | D:5      | Reached XP level 8. HP: 32/52 MP: 10/15
  6690 | D:5      | Learned a level 3 spell: Dazzling Flash
  6779 | D:5      | Noticed Blork the orc
  6784 | D:5      | Killed Blork the orc
  6854 | D:5      | Reached skill level 1 in Hexes
  7491 | D:5      | Found a white marble altar of Elyvilon.
  7491 | D:5      | Found a snail-covered altar of Cheibriados.
  7492 | D:5      | Found a hide-covered altar of Uskayaw.
  7607 | D:6      | Noticed a troll
  7619 | D:5      | Killed a troll
  7922 | D:6      | Identified a scroll of acquirement
  7922 | D:6      | Acquired the +3 Elemental Staff {rElec rF++ rC++ MR++ AC+5}
  7923 | D:6      | Found the +3 Elemental Staff {rElec rF++ rC++ MR++ AC+5}
  8050 | D:6      | Reached skill level 1 in Staves
  8050 | D:6      | Reached skill level 1 in Evocations
  8131 | D:6      | Reached XP level 9. HP: 53/60 MP: 7/16
  8138 | D:6      | Reached skill level 5 in Fighting
  8368 | D:6      | Noticed Eustachio
  8379 | D:6      | Noticed a moth of wrath
  8396 | D:6      | Killed Eustachio
  8396 | D:6      | Reached skill level 2 in Staves
  9498 | D:6      | Found a bloodstained altar of Trog.
  9584 | D:6      | Killed a moth of wrath
  9584 | D:6      | Reached skill level 3 in Staves
  9700 | D:7      | Found Hivir's Mass Market.
 10504 | D:7      | Found a staircase to the Ecumenical Temple.
 10554 | D:7      | Reached skill level 5 in Hexes
 10587 | Temple   | Entered the Ecumenical Temple
 10652 | Temple   | Became a worshipper of Warmaster Okawaru
 10967 | D:7      | Reached skill level 4 in Staves
 10967 | D:7      | Reached skill level 1 in Invocations
 11369 | D:7      | Reached XP level 10. HP: 68/68 MP: 11/17
 11787 | D:8      | Found a staircase to the Lair.
 11787 | D:8      | Noticed a death yak
 11787 | D:8      | Noticed a death yak
 11788 | D:8      | Noticed a death yak
 12046 | D:8      | Killed a death yak
 12046 | D:8      | Reached * piety under Okawaru
 12046 | D:8      | Reached skill level 5 in Staves
 12046 | D:8      | Reached skill level 5 in Dodging
 12287 | D:9      | Noticed a two-headed ogre
 12304 | D:9      | Killed a two-headed ogre
 12304 | D:9      | Reached ** piety under Okawaru
 12652 | D:9      | Reached skill level 5 in Invocations
 12656 | D:9      | Reached skill level 6 in Staves
 13101 | D:9      | Reached *** piety under Okawaru
 13386 | D:9      | Reached XP level 11. HP: 52/72 MP: 18/18
 13517 | D:9      | Found a shadowy altar of Dithmenos.
 13517 | D:9      | Noticed Maurice
 13529 | D:9      | Killed Maurice
 13602 | D:9      | Noticed Psyche
 13609 | D:9      | Killed Psyche
 13609 | D:9      | Reached skill level 7 in Staves
 14198 | D:9      | Found a glowing golden altar of the Shining One.
 14244 | D:9      | Noticed Pikel
 14257 | D:9      | Killed Pikel
 14257 | D:9      | Reached **** piety under Okawaru
 14498 | D:10     | Entered Level 10 of the Dungeon
 14603 | D:10     | Found Omerr's Book Shop.
 14982 | D:10     | You fall into a shaft and drop 1 floor!
 14982 | D:11     | Found a staircase to the Orcish Mines.
 15022 | D:11     | Learned a level 3 spell: Stone Arrow
 15293 | D:10     | Noticed Erica
 15308 | D:10     | Killed Erica
 15308 | D:10     | Reached skill level 5 in Spellcasting
 15308 | D:10     | Reached skill level 1 in Earth Magic
 16052 | D:10     | Reached ***** piety under Okawaru
 17042 | D:11     | Noticed a manticore
 17054 | D:11     | Killed a manticore
 17054 | D:11     | Reached skill level 5 in Stealth
 17060 | D:11     | Reached skill level 8 in Staves
 17970 | D:11     | You fall into a shaft and drop 2 floors!
 17985 | D:13     | Received a gift from Okawaru
 17985 | D:13     | Reached XP level 12. HP: 31/81 MP: 8/20
 18015 | D:13     | Noticed a boulder beetle
 18538 | D:13     | Noticed Urug
 18591 | D:11     | Learned a level 2 spell: Passwall
 18919 | D:7      | Killed a death yak
 18919 | D:7      | Reached skill level 1 in Transmutations
 19132 | D:8      | Found a sparkling altar of Nemelex Xobeh.
 19167 | D:8      | Found a radiant altar of Vehumet.
 19980 | D:12     | Noticed a boulder beetle
 20002 | D:12     | Noticed an entropy weaver
 20002 | D:12     | a boulder beetle changed into an entropy weaver
 20090 | D:13     | Got a smoking buckler {god gift}
 20096 | D:13     | Identified the +0 buckler of Insatiable Hunger {*Contam
                  | rElec Regen+ Int-5} (Okawaru gifted it to you on level 13
                  | of the Dungeon)
 20256 | D:13     | Noticed a fire dragon
 20490 | D:13     | Noticed a queen ant
 20490 | D:13     | a boulder beetle changed into a queen ant
 20511 | D:13     | Killed a queen ant
 20511 | D:13     | Reached skill level 1 in Shields
 20679 | D:12     | Noticed a six-headed hydra
 20691 | D:12     | Killed a six-headed hydra
 20756 | D:12     | Killed an entropy weaver
 21071 | D:12     | Noticed Sonja
 21078 | D:12     | Killed Sonja
 21078 | D:12     | HP: 1/81 [centaur/arrow (9)]
 21078 | D:12     | Shot with an arrow by a centaur

Illustrated notes

Levels and vault maps discovered:
D:1:      matt_arrival_refuge, layout_loops_cross
D:2:      layout_basic, lemuel_crystal_altar, minmay_ruptured, uniq_robin,
          uniq_sigmund
D:3:      layout_loops_cross, nicolae_ru_great_annihilating_truth,
          lemuel_coloured_pillars_altar, serial_co_window_serial,
          co_window_corner_a, co_window_paths_a, co_window_paths_b,
          co_window_paths_a, co_window_paths_a, co_window_corner_a,
          co_window_of_opportunity_c, co_window_broadway_c, co_window_corner_b,
          co_window_cross_2, glass_columns_a
D:4:      layout_loops_ring, marbit_many_paths,
          nicolae_qazlal_general_emergency, zin_purify
D:5:      layout_loops_corners, gammafunk_temple_overflow_claw, serial_shops,
          nicolae_shop_stone, uniq_blork_the_orc
D:6:      layout_cave_pools, tgw_trog, uniq_eustachio
D:7:      layout_basic, minmay_temple_entry_nine_rooms, minmay_shop_mass,
          minmay_misc_feat_four_crosses, minivault_11
D:8:      layout_gridville, vehumet_crystals, kennysheep_mini_moat,
          dpeg_lair_monsters, minmay_unpleasant_kobolds
D:9:      layout_irregular_city, overflow_temple_1_default,
          nicolae_tso_carved_into_rock, uniq_pikel, uniq_psyche, uniq_maurice
D:10:     layout_small_grid, serial_shops, shop, uniq_erica
D:11:     layout_gridville, zombieorc2_lemuel
D:12:     layout_loops_ring, uniq_sonja
D:13:     layout_roguey, david_vaults_4, uniq_urug
Temple:   corrupted_temple

Skill      XL: |  1  2  3  4  5  6  7  8  9 10 11 12 |
---------------+-------------------------------------+-----
Fighting       | 1 2 3 4 6 7 |  7.5
Dodging        | 3 4 6 7 |  7.3
Spellcasting   | 3 4 5 6 |  6.1
Conjurations   | 5 6 7 |  7.4
Maces & Flails | 1 3 4 |  4.5
Hexes          | 3 5 6 |  6.4
Staves         | 1 4 6 8 |  8.5
Evocations     | 1 4 |  4.0
Invocations    | 1 6 |  6.8
Stealth        | 5 6 |  6.6
Earth Magic    | 3 |  3.1
Transmutations | 1 |  1.8
Shields        | 3 |  3.4

Action                   |  1- 3 |  4- 6 |  7- 9 | 10-12 || total
-------------------------+-------+-------+-------+-------++-------
Melee: Spear             |    61 |    10 |       |       ||    71
       Constrict         |    12 |     7 |    35 |    80 ||   134
       Tentacles         |     5 |     3 |    24 |    95 ||   127
       Rapier            |       |    21 |       |       ||    21
       Flail             |       |     4 |    21 |       ||    25
       Dire flail        |       |       |    19 |       ||    19
       Staff             |       |       |    96 |   525 ||   621
       Punch             |       |       |       |     4 ||     4
Throw: Dart              |       |       |       |     6 ||     6
 Cast: Magic Dart        |    52 |    53 |    60 |    75 ||   240
       Searing Ray       |     1 |    17 |    36 |    67 ||   121
       Dazzling Flash    |       |       |       |    20 ||    20
       Stone Arrow       |       |       |       |    14 ||    14
Invok: Heroism           |       |       |       |    15 ||    15
       Finesse           |       |       |       |     3 ||     3
Evoke: Wand              |       |       |     3 |    22 ||    25
  Use: Scroll            |     1 |    10 |     7 |    11 ||    29
       Potion            |       |     3 |     3 |    11 ||    17
 Stab: Sleeping          |     3 |     5 |     5 |    15 ||    28
       Invisible         |       |       |       |     4 ||     4
       Distracted        |       |       |       |     1 ||     1
Armor: Skin              |     6 |     5 |    61 |    92 ||   164
Dodge: Dodged            |    42 |    31 |   189 |   562 ||   824
Block: Buckler           |       |       |       |    23 ||    23

Table legend: (Time is in decaauts)
 A = Elapsed time spent in this place.
 B = Non-inter-level travel time spent in this place.
 C = Inter-level travel time spent in this place.
 D = Time resting spent in this place.
 E = Time spent auto-exploring this place.
 F = Levels seen in this place.
 G = Mean time per level.
                   A        B        C        D        E       F      G
               +--------+--------+--------+--------+--------+-----+--------+
         Total |  20993 |  20316 |    677 |   9026 |   8013 |  14 | 1499.5 |
       Dungeon |  20915 |  20267 |    648 |   9026 |   7965 |  13 | 1608.8 |
        Temple |     77 |     49 |     28 |      0 |     48 |   1 |   77.0 |
               +--------+--------+--------+--------+--------+-----+--------+

Top non-repeatable levels by time:
     D:9: 2393 daAuts
    D:10: 2261 daAuts
     D:6: 2148 daAuts
     D:3: 2055 daAuts
     D:5: 1764 daAuts
     D:7: 1573 daAuts
    D:11: 1477 daAuts
     D:1: 1417 daAuts
     D:2: 1369 daAuts
     D:8: 1346 daAuts
     D:4: 1297 daAuts
    D:13: 1103 daAuts
    D:12: 708 daAuts
  Temple: 77 daAuts
